 Dungeon Crawl Stone Soup version 0.24.0-125-gc4c63601f3 (webtiles) character file.

Game seed: 15780702160057627744, levelgen mode: deterministic

129 Descartes the Scratcher (level 4, -3/19 HPs)
             Began as a Felid Wanderer on Feb 27, 2020.
             Slain by Natasha (7 damage)
             ... on level 4 of the Dungeon on Feb 28, 2020.
             The game lasted 00:12:50 (5845 turns).

Descartes the Scratcher (Felid Wanderer)            Turns: 5845, Time: 00:12:51

Health: -3/19      AC:  1    Str:  8    XL:     4   Next: 88%
Magic:  7/7        EV: 17    Int: 15    God:
Gold:   153        SH:  0    Dex: 15    Spells: 0/5 levels left
                                        Lives:  0   Deaths: 1

rFire    x . .     SeeInvis +     - Unarmed
rCold    + . .     Gourm    .   (shield unavailable)
rNeg     . . .     Faith    .   (armour unavailable)
rPois    .         Spirit   .   (helmet unavailable)
rElec    .         Reflect  .   (cloak unavailable)
rCorr    .         Harm     .   (gloves unavailable)
MR       .....                  (boots unavailable)
Stlth    +++.......             (no amulet)
HPRegen  0.06/turn              (no ring)
MPRegen  0.10/turn              r - ring of ice

@: slowed, slow
A: very small, no armour, no weapons or thrown items, stealth, claws 1, fangs 3,
see invisible, carnivore, speed 1, shaggy fur 1, slow metabolism 1, sharp paws
a: no special abilities


You were on level 4 of the Dungeon.
You were not hungry.

You visited 2 branches of the dungeon, and saw 5 of its levels.

You collected 153 gold pieces.

Inventory:

Missiles
 g - 16 arrows
 k - 145 stones
Jewellery
 r - a ring of ice (right paw)
Wands
 u - a wand of random effects (18)
Scrolls
 a - 2 scrolls of blinking
 h - 2 scrolls of amnesia
 j - a scroll of immolation {unknown}
 l - a scroll of noise {unknown}
 s - a scroll of random uselessness {unknown}
 t - 2 scrolls of remove curse
 x - a scroll of teleportation {unknown}
 y - a scroll of fog {unknown}
 z - a scroll of magic mapping {unknown}
Potions
 b - 3 potions of haste
 c - 4 potions of might
 d - 2 potions of curing
 e - a potion of berserk rage
 i - a potion of brilliance {unknown}
 m - a potion of invisibility {unknown}
 p - 2 potions of flight
 v - a potion of lignification {unknown}
 w - a potion of mutation {unknown}
Comestibles
 f - 9 rations


   Skills:
 + Level 2.0 Fighting
 + Level 2.1 Dodging
 + Level 3.0 Stealth
 * Level 5.1 Unarmed Combat
 + Level 1.3 Spellcasting
 + Level 1.3 Conjurations
 - Level 3.0 Translocations
 + Level 1.9 Fire Magic
 - Level 1.1 Evocations


You couldn't memorise any spells.
You knew the following spells:

 Your Spells              Type           Power        Failure   Level  Hunger
a - Blink                 Tloc           N/A          11%         2    ###....
b - Ignite Poison         Fire/Tmut/Pois #.......     50%         3    ####...
c - Flame Tongue          Conj/Fire      #....        12%         1    ##.....

Your spell library contained the following spells:

 Spells                   Type           Power        Failure   Level  Hunger
 Magic Dart               Conj           #...         14%         1    ##.....
 Searing Ray              Conj           #.....       21%         2    ###....
 Call Imp                 Summ           #.......     34%         2    ###....
 Slow                     Hex            #.......     34%         2    ###....
 Conjure Flame            Conj/Fire      #.......     34%         3    ####...
 Dazzling Spray           Conj/Hex       #.....       47%         3    ####...
 Mephitic Cloud           Conj/Pois/Air  #.......     52%         3    ####...
 Force Lance              Conj/Tloc      #.......     67%         4    #####..
 Iskenderun's Mystic Bla  Conj           #.......     80%         4    #####..
 Fulminant Prism          Conj/Hex       #.........   87%         4    #####..


Dungeon Overview and Level Annotations

Branches:
Dungeon (4/15)             Temple (1/1) D:4

Altars:
Ashenzari
Dithmenos
Elyvilon
Gozag
Hepliaklqana
Kikubaaqudgha
Makhleb
Nemelex Xobeh
Okawaru
Ru
Trog
Uskayaw
Vehumet
Wu Jian
Xom
Yredelemnul
Zin
The Shining One

Annotations:
D:3 1 runed translucent door, r0y's ghost, amateur HOFi
D:4 Eustachio; Natasha


Innate Abilities, Weirdness & Mutations

You cannot wear armour.
You are incapable of wielding weapons or throwing items.
Your paws allow you to move quietly. (Stealth)
You have sharp claws.
You have razor-sharp teeth.
You have supernaturally acute eyesight. (SInv)
You are carnivorous and can eat meat at any time.
You cover ground quickly.
You are covered in fur. (AC +1)
You have a slow metabolism.
Your sharp claws are effective at attacking unaware monsters.


Message History

Natasha is moderately wounded.
Natasha closely misses you.
You closely miss Natasha.
Natasha is moderately wounded.
Natasha mumbles some strange words.
You closely miss Natasha.
Natasha is moderately wounded.
Natasha barely misses you.
You barely miss Natasha. You bite Natasha.
Natasha is heavily wounded.
Natasha casts a spell at you.
You feel yourself slow down.
You miss Natasha.
Natasha is heavily wounded.
Natasha claws you.
* * * LOW HITPOINT WARNING * * *
You barely miss Natasha.
Natasha is heavily wounded.
Natasha claws you!
You die...

............##.........#
............##.#######.#
............##.# ### .#
.#......(...##.##### #
.#...####.####...'_+
.#.#..#........# #+#
###.......<....# #
.#...#.........###.###..
....#.....####..@h5.....
.>.#####..# #####...##.
....# ....# .....
.#...#....# ##.#
###.......# # #..#...#
.@... ###.. ##


You could see an iron imp and Natasha.

Vanquished Creatures
  A hound (D:4)
  Jessica (D:2)
  Natasha (twice) (D:4)
  6 adders
  2 worms (D:2)
  2 dart slugs
  A leopard gecko (D:3)
  A ball python (D:3)
  10 giant cockroaches
  5 goblins
  8 hobgoblins
  2 jackals (D:3)
  2 kobolds (D:2)
  A quokka (D:2)
  5 bats
  3 frilled lizards
  8 rats
60 creatures vanquished.

Vanquished Creatures (others)
  Ijyb (D:4)
1 creature vanquished.

Grand Total: 61 creatures vanquished

Notes
Turn   | Place    | Note
-------+----------+-------------------------------------------
     0 | D:1      | Descartes the Felid Wanderer began the quest for the Orb.
     0 | D:1      | Descartes set off with the following items: a scroll of
                  | blinking, a potion of haste, a potion of curing, a ration;
                  | and the following spell memorised: Flame Tongue; and the
                  | following spells available to memorise: Ignite Poison
     0 | D:1      | Reached XP level 1. HP: 9/9 MP: 2/2
   545 | D:1      | Reached XP level 2. HP: 12/12 MP: 3/3
   824 | D:1      | Found a shattered altar of Ashenzari.
  1147 | D:2      | Noticed Jessica
  1152 | D:2      | Killed Jessica
  1152 | D:2      | Reached skill level 1 in Dodging
  1152 | D:2      | Reached XP level 3. HP: 14/15 MP: 4/4
  1365 | D:2      | Reached XP level 4. HP: 6/19 MP: 4/6
  1632 | D:2      | Found a shimmering altar of Xom.
  1632 | D:2      | Found an ancient bone altar of Kikubaaqudgha.
  2271 | D:3      | Found a runed translucent door.
  2275 | D:3      | Noticed r0y's ghost (amateur HOFi)
  2303 | D:3      | Reached skill level 1 in Conjurations
  2361 | D:3      | Reached skill level 1 in Spellcasting
  3457 | D:3      | Found a faded altar of an unknown god.
  3558 | D:3      | Learned a level 3 spell: Ignite Poison
  3588 | D:4      | Noticed Natasha
  3601 | D:4      | Killed Natasha
  3601 | D:4      | Reached XP level 5. HP: 1/22 MP: 5/7
  3925 | D:4      | Found a sacrificial altar of Ru.
  3946 | D:4      | Noticed Ijyb
  3962 | D:4      | Learned a level 2 spell: Blink
  4275 | D:4      | Reached skill level 5 in Unarmed Combat
  4307 | D:4      | Noticed Natasha
  4526 | D:4      | HP: 1/22 [poisoned by Ijyb (poison gas)]
  4536 | D:4      | Killed Ijyb
  4885 | D:4      | Found a white marble altar of Elyvilon.
  4922 | D:4      | Noticed an ogre
  4928 | D:4      | Mangled by an ogre
  4929 | D:4      | Reached XP level 4. HP: -7/19 MP: 6/6
  4953 | D:4      | Killed Natasha
  5234 | D:4      | Found a staircase to the Ecumenical Temple.
  5251 | D:4      | Noticed Eustachio
  5254 | Temple   | Entered the Ecumenical Temple
  5829 | D:4      | Noticed Natasha
  5845 | D:4      | Slain by Natasha

Levels and vault maps discovered:
D:1:      onia_arrival_pentagram, layout_basic, supply_closet_lemuel,
          ashenzari_altar_1
D:2:      layout_basic, amethyst_overflow_temple_binary, first_ration,
          minmay_between, uniq_jessica
D:3:      layout_loops_ring, ebering_ghost_sewer_d,
          chequers_ecumenical_altar_grove
D:4:      layout_basic, kennysheep_little_box, lemuel_doored_altar,
          minmay_temple_entry_arrows, uniq_crazy_yiuf_cottage, uniq_ijyb,
          uniq_natasha, uniq_eustachio
Temple:   eino_temple_water

Skill      XL: |  1  2  3  4  5 |
---------------+----------------+-----
Dodging        | 1 2 |  2.1
Stealth        | 2 3 |  3.0
Conjurations   | 1 |  1.3
Spellcasting   | 1 |  1.3
Unarmed Combat | 5 |  5.1
Fighting       | 2 |  2.0
Translocations | |  3.0
Fire Magic     | |  1.9
Evocations     | |  1.1

Action                   |  1- 3 |  4- 6 || total
-------------------------+-------+-------++-------
Melee: Unarmed           |    68 |   174 ||   242
       Bite              |     4 |    11 ||    15
       Punch             |       |     4 ||     4
 Cast: Blink             |       |     5 ||     5
       Flame Tongue      |       |     1 ||     1
  Use: Potion            |     1 |     1 ||     2
       Scroll            |       |     6 ||     6
 Stab: Sleeping          |    10 |     6 ||    16
  Eat: Chunk             |     8 |     9 ||    17
Armor: Skin              |     8 |     7 ||    15
Dodge: Dodged            |    46 |   155 ||   201
